AoeStats
← [KMNB] Bandeira

MegaRandom

508408528Analyzed
2v2 RM · 11d ago on Sep 22, 2026· 47m 21s· 4 players
Game mode
Random Map
Map size
Medium (4 player)
Population
200
Speed
Normal
Resources
Standard
Victory
Conquest
Starting age
Dark Age
Ending age
Imperial Age
RankedLock teamsTeams togetherTeam positionsShared explorationLock speedFull tech treeHidden civsTurbo modeCheats
Victory
Defeat
🇧🇷 Vikings · Brazil
1501
+15
🇧🇷 Magyars · Brazil
1495
+15
🇹🇷 Wei · Türkiye
1477
-15
🇩🇪 Bohemians · Germany
1467
-15
Kümmelbrot OP
3:13 Loom
12:36 Feudal Age
16:50 Castle Age
26:15 Fletching
30:55 Fervor
31:06 Sanctity
32:47 Town Watch
33:37 Wheelbarrow
36:45 Imperial Age
35:18 Scale Mail Armor
35:28 Forging
35:13 Double-Bit Axe
35:09 Horse Collar
35:50 Squires
35:14 Pikeman
38:24 Conscription
37:43 Halberdier
39:12 Chain Mail Armor
44:01 Iron Casting
funk
7:19 Loom
10:45 Feudal Age
11:20 Double-Bit Axe
11:20 Horse Collar
14:59 Wheelbarrow
18:34 Castle Age
16:50 Fishing Lines
17:11 Fletching
17:57 Padded Archer Armor
20:06 Bodkin Arrow
23:00 Husbandry
24:42 Leather Archer Armor
26:08 Bloodlines
26:51 Hand Cart
27:28 Thumb Ring
31:48 Bow Saw
34:47 Stone Mining
36:23 Town Watch
37:06 Scale Barding Armor
38:26 Chain Barding Armor
40:50 Ballistics
[KMNB] Bandeira
9:01 Loom
10:47 Feudal Age
11:42 Double-Bit Axe
13:45 Scale Barding Armor
19:07 Horse Collar
23:16 Castle Age
21:10 Gold Mining
22:24 Bloodlines
24:30 Husbandry
24:52 Chain Barding Armor
26:42 Wheelbarrow
27:08 Stone Mining
35:03 Corvinian Army
35:30 Bow Saw
39:53 Imperial Age
38:54 Heavy Plow
38:48 Fletching
39:07 Elite Skirmisher
40:03 Cavalier
41:10 Padded Archer Armor
41:36 Bodkin Arrow
42:27 Ballistics
[KMNB] Galodoido
6:34 Loom
8:56 Feudal Age
12:20 Fletching
15:12 Double-Bit Axe
24:40 Castle Age
22:46 Gold Mining
24:43 Crossbowman
25:18 Bodkin Arrow
28:34 Ballistics
29:52 Bow Saw
30:19 Padded Archer Armor
30:26 Elite Skirmisher
32:19 Horse Collar
33:16 Gold Shaft Mining
32:32 Stone Mining
34:09 Heavy Plow
35:32 Leather Archer Armor
39:25 Imperial Age
39:30 Arbalester
40:11 Bracer
40:37 Scale Mail Armor
41:08 Ring Archer Armor
42:46 Two-Man Saw
42:34 Crop Rotation
41:51 Town Watch
43:26 Chemistry
43:27 Conscription
43:11 Chieftains
43:24 Forging
43:16 Scale Mail Armor
43:18 Squires
43:03 Gambesons
43:04 Arson
44:10 Bogsveigar
45:10 Iron Casting
45:23 Chain Mail Armor
47:10 Blast Furnace
Connection lost

Rejoining the realm…

Still unreachable

The connection could not be restored.

Session expired

The server has moved on; the page needs a fresh start.